 Dungeon Crawl Stone Soup version 0.26-a0-682-g294304f6e8 (webtiles) character file.

Game seed: 503070832407198520

(classic levelgen) 5 EnegeticOcto the Digger (level 1, 0/11 HPs)
             Began as a Halfling Earth Elementalist on Oct 20, 2020.
             Slain by a rat (2 damage)
             ... on level 1 of the Dungeon.
             The game lasted 00:00:36 (109 turns).

EnegeticOcto the Digger (HaEE)                       Turns: 109, Time: 00:00:37

Health: 0/11       AC:  2    Str:  9    XL:     1   Next: 88%
Magic:  3/3        EV: 15    Int: 13    God:
Gold:   12         SH:  0    Dex: 14    Spells: 2/3 levels left

rFire    . . .     SeeInvis .   f - +2 dagger (venom)
rCold    . . .     Faith    .   (shield restricted)
rNeg     . . .     Spirit   .   c - +0 robe
rPois    .         Reflect  .   (no helmet)
rElec    .         Harm     .   (no cloak)
rCorr    .         Rampage  .   (no gloves)
MR       .....                  (no boots)
Stlth    ++........             (no amulet)
HPRegen  0.03/turn              e - ring of flight
MPRegen  0.08/turn              (no ring)

@: no status effects
A: small, mutation resistance 1
a: Evoke Flight


You were on level 1 of the Dungeon.
You visited 1 branch of the dungeon, and saw 1 of its levels.

You collected 12 gold pieces.

Inventory:

Hand Weapons
 f - a +2 dagger of venom (weapon)
Missiles
 a - 19 poisoned darts (quivered)
 b - 44 stones
Armour
 c - a +0 robe (worn)
Jewellery
 e - a ring of flight (left hand)
Scrolls
 d - a scroll of random uselessness {unknown}


   Skills:
 - Level 2.1 Dodging
 - Level 2.1 Stealth
 - Level 1.5 Spellcasting
   Level 0.5 Transmutations
 + Level 3.4 Earth Magic


You had 2 spell levels left.
You knew the following spells:

 Your Spells              Type           Power        Failure   Level
a - Sandblast             Erth           #.....       7%          1

Your spell library contained the following spells:

 Spells                   Type           Power        Failure   Level
 Passwall                 Tmut/Erth      #.......     19%         2
 Stone Arrow              Conj/Erth      #.....       36%         3
 Petrify                  Tmut/Erth      #.......     75%         4
 Lee's Rapid Deconstruct  Erth           #.........   88%         5


Dungeon Overview and Level Annotations

Branches:
Dungeon (1/15)

Altars:


Innate Abilities, Weirdness & Mutations

You are small and have problems with some larger weapons.
You are somewhat resistant to further mutation.


Message History

Welcome, EnegeticOcto the Halfling Earth Elementalist.
Will you be the one to retrieve the fabulous Orb of Zot from the depths?
Press ? for a list of commands and other information.
Found a staircase leading out of the dungeon.
Found an escape hatch in the floor.
Found an escape hatch in the floor.
Found a leather armour.
Found 18 stones.
You see here a leather armour.
b - 48 stones (gained 18)
A goblin comes into view.
Found 19 poisoned darts.
The goblin shouts!
Casting: Sandblast (safe; 8% risk of failure)
Confirm with . or Enter, or press ? or * to list all spells.
Aiming: Sandblast (safe; 8% risk of failure)
Press: ? - help, Shift-Dir - straight line, f - goblin
Aim: a goblin The blast of sand hits the goblin!
You kill the goblin!
b - 47 stones You see here 19 poisoned darts.
a - 19 poisoned darts
Found an escape hatch in the floor.
Found 3 javelins.
A rat comes into view.
A goblin comes into view.
Casting: Sandblast (safe; 8% risk of failure)
Confirm with . or Enter, or press ? or * to list all spells.
Aiming: Sandblast (safe; 8% risk of failure)
Press: ? - help, Shift-Dir - straight line, f - rat
Aim: a rat The blast of sand hits the rat!
You kill the rat!
b - 46 stones The goblin shouts!
Casting: Sandblast (safe; 8% risk of failure)
Confirm with . or Enter, or press ? or * to list all spells.
Aiming: Sandblast (safe; 8% risk of failure)
Press: ? - help, Shift-Dir - straight line, f - goblin
Aim: a goblin The blast of sand hits the goblin.
You kill the goblin!
b - 45 stones
Found a scroll labeled RUSCHY SE WIANG.
You see here a goblin corpse.
Found a glowing dagger.
d - a scroll labeled RUSCHY SE WIANG
Found an agate ring.
A frilled lizard comes into view.
The frilled lizard hisses angrily.
You see here an agate ring.
e - an agate ring
e - a ring of flight (left hand)
Casting: Sandblast (safe; 7% risk of failure)
Confirm with . or Enter, or press ? or * to list all spells.
Aiming: Sandblast (safe; 7% risk of failure)
Press: ? - help, Shift-Dir - straight line, f - frilled lizard
Aim: a frilled lizard The blast of sand hits the frilled lizard!
You kill the frilled lizard!
b - 44 stones You see here a glowing dagger.
Your +2 dagger of venom begins to drip with poison!
f - a +2 dagger of venom (weapon)
Found 2 gold pieces.
Found 10 gold pieces.
You now have 2 gold pieces.
You now have 12 gold pieces (gained 10).
A frilled lizard and a rat come into view.
A rat comes into view.
The frilled lizard hisses angrily.
You hear a shout!
The rat bites you. The frilled lizard bites you.
You hit the frilled lizard.
You kill the frilled lizard!
The rat barely misses you.
You closely miss the rat.
A kobold comes into view. It is wielding a +0 club.
The rat closely misses you.
You hit the rat.
The rat is poisoned.
The rat is severely wounded.
You kill the rat!
The rat completely misses you.
You closely miss the rat. The rat misses you.
You closely miss the kobold. The rat bites you.
The kobold hits you with a +0 club.
* * * LOW HITPOINT WARNING * * *
You hit the rat.
The rat is poisoned.
The rat is heavily wounded.
The rat bites you.
You die...

#.#..##.#
##........
########..####...#
.........## #..#
########.# ...
#######.# .#
........## ##
#######..##..#
#.@rK..# #.##..##
#.. ### ... #..#
.... ####


You could see a kobold and a rat (very poisoned).

Vanquished Creatures
  2 goblins (D:1)
  2 frilled lizards (D:1)
  2 rats (D:1)
6 creatures vanquished.

Notes
Turn   | Place    | Note
-------+----------+-------------------------------------------
     0 | D:1      | EnegeticOcto the Halfling Earth Elementalist began the
                  | quest for the Orb.
     0 | D:1      | Reached XP level 1. HP: 11/11 MP: 3/3
   109 | D:1      | Slain by a rat

Illustrated notes

Levels and vault maps discovered:
D:1:      evilmike_arrival_hilbert_curve, layout_loops_ring,
          minmay_close_crescents

Action                   || total
-------------------------++-------
Melee: Dagger            ||     6
 Cast: Sandblast         ||     4
Dodge: Dodged            ||     4

Table legend: (Time is in decaauts)
 A = Elapsed time spent in this place.
 B = Non-inter-level travel time spent in this place.
 C = Inter-level travel time spent in this place.
 D = Time resting spent in this place.
 E = Time spent auto-exploring this place.
 F = Levels seen in this place.
 G = Mean time per level.
                   A        B        C        D        E       F      G
               +--------+--------+--------+--------+--------+-----+--------+
         Total |    108 |    108 |      0 |      0 |      0 |   1 |  108.0 |
       Dungeon |    108 |    108 |      0 |      0 |      0 |   1 |  108.0 |
               +--------+--------+--------+--------+--------+-----+--------+

Top non-repeatable levels by time:
     D:1: 108 daAuts
